 Dungeon Crawl Stone Soup version 0.30-a0-989-g0d87f670db (webtiles) character file.

Game seed: 8013358747462467638

44 arthad the Covered (level 3, 0/28 HPs)
             Began as a Gnoll Wanderer on Apr 4, 2023.
             Slain by a worm (6 damage)
             ... on level 2 of the Dungeon.
             The game lasted 00:03:05 (1186 turns).

arthad the Covered (Gnoll Wanderer)                 Turns: 1186, Time: 00:03:05

Health: 0/28       AC:  7    Str: 10    XL:     3   Next: 62%
Magic:  7/7        EV: 10    Int: 15    God:
Gold:   125        SH:  0    Dex: 10    Spells: 3/7 levels left

rFire   . . .      SeeInvis .    a - +2 dagger
rCold   . . .      Faith    .    (no shield)
rNeg    . . .      Spirit   .    c - +0 ring mail
rPois   .          Reflect  .    (no helmet)
rElec   .          Rampage  .    (no cloak)
rCorr   .                        (no gloves)
Will    .....                    i - +0 pair of boots
Stlth   ++                       (no amulet)
HPRegen 0.24/turn                g - ring of wizardry
MPRegen 0.10/turn                (no ring)

@: no status effects
A: fangs 1, strong nose, distributed training
a: no special abilities


You were on level 2 of the Dungeon.
You visited 1 branch of the dungeon, and saw 2 of its levels.

You collected 125 gold pieces.

Inventory:

Hand Weapons
 a - a +2 dagger (weapon)
Missiles
 f - 4 atropa-tipped darts (quivered)
 k - 3 poisoned darts
 p - 4 boomerangs
Armour
 c - a +0 ring mail (worn)
 i - a +0 pair of boots (worn)
Jewellery
 g - a ring of wizardry (left hand)
Scrolls
 b - a scroll of blinking
 d - a scroll of teleportation
 l - a scroll of noise {unknown}
 o - 3 scrolls of immolation {unknown}


   Skills:
 + Level 2.6 Fighting
 + Level 0.9 Short Blades
 + Level 0.9 Long Blades
 + Level 0.9 Axes
 + Level 0.9 Maces & Flails
 + Level 0.9 Polearms
 + Level 0.9 Staves
 + Level 0.9 Ranged Weapons
 + Level 2.6 Throwing
 + Level 4.5 Armour
 + Level 2.6 Dodging
 + Level 4.2 Stealth
 + Level 0.9 Shields
 + Level 0.9 Unarmed Combat
 + Level 2.8 Spellcasting
 + Level 3.8 Conjurations
 + Level 0.6 Hexes
 + Level 0.6 Summonings
 + Level 0.6 Necromancy
 + Level 0.6 Translocations
 + Level 0.6 Transmutations
 + Level 0.6 Fire Magic
 + Level 0.6 Ice Magic
 + Level 0.6 Air Magic
 + Level 0.6 Earth Magic
 + Level 0.6 Poison Magic
 + Level 1.0 Invocations
 + Level 0.9 Evocations


You had 3 spell levels left.
You knew the following spells:

 Your Spells              Type           Power      Damage    Failure   Level
a - Momentum Strike       Conj/Tloc      16%        3d8       12%         2
b - Static Discharge      Conj/Air       16%        2-3/arc   12%         2

Your spell library contained the following spells:

 Spells                   Type           Power      Damage    Failure   Level


Dungeon Overview and Level Annotations

Branches:
Dungeon (2/15)

Altars:


Innate Abilities, Weirdness & Mutations

You have very sharp teeth.
Your uncanny sense of smell can sniff out nearby items.
Your experience applies equally to all skills.


Message History

You hit the worm. Your bite misses the worm.
The worm is heavily wounded.
The worm bites you.
You hit the worm.
The worm is severely wounded.
You hit the worm.
The worm is severely wounded.
The worm bites you.
* * * LOW HITPOINT WARNING * * *
You barely miss the worm.
The worm is severely wounded.
You hit the worm.
The worm is almost dead.
The worm bites you.
* * * LOW HITPOINT WARNING * * *
You are confused.
You feel invigorated. The worm closely misses you.
You bump into the rock wall.
You bump into the rock wall.
The worm bites you but does no damage.
You closely miss the worm. Your punch misses the worm.
You bite the worm, but do no damage.
The worm is severely wounded.
You're too confused to move!
You feel less invigorated.
You feel less confused. The worm bites you.
You barely miss the worm.
The worm is severely wounded.
The worm bites you!
* * * LOW HITPOINT WARNING * * *
You barely miss the worm.
The worm is heavily wounded.
You hit the worm.
The worm is severely wounded.
The worm bites you but does no damage.
You hit the worm.
The worm is severely wounded.
You hit the worm.
The worm is almost dead.
The worm bites you.
You die...

#.#.##### #.# #.#.#
# #.#.#####
......... #.#.#####
#####
..#.###########...#
.#............†...#
_...###########...#
.#### ##@## ..#
##w# # #.#
########.g# .. ...
∆..........##.###
####
###.............
##............
......~~~~...~P~
######~P~~~~~P~~
#~~P~~~~~~~


You could see a worm and a hobgoblin.

Vanquished Creatures
  2 adders (D:2)
  6 ball pythons (D:1)
  An endoplasm (D:1)
  A goblin (D:1)
  3 hobgoblins
  6 kobolds
  A quokka (D:2)
  3 bats
  2 frilled lizards (D:1)
  2 rats
27 creatures vanquished.

Vanquished Creatures (others)
  6 plants (D:2)
6 creatures vanquished.

Grand Total: 33 creatures vanquished

Notes
Turn   | Place    | Note
-------+----------+-------------------------------------------
     0 | D:1      | arthad the Gnoll Wanderer began the quest for the Orb.
     0 | D:1      | arthad set off with the following items: a +2 dagger, a
                  | scroll of blinking, a +0 ring mail, a scroll of
                  | teleportation; and the following spells available to
                  | memorise: Momentum Strike, Static Discharge.
     0 | D:1      | Reached XP level 1. HP: 17/17 MP: 4/4
    49 | D:1      | Reached XP level 2. HP: 22/23 MP: 5/5
   142 | D:1      | Learned a level 2 spell: Momentum Strike
   145 | D:1      | Learned a level 2 spell: Static Discharge
   904 | D:2      | Reached XP level 3. HP: 19/28 MP: 7/7
  1081 | D:2      | Found a faded altar of an unknown god.
  1110 | D:2      | Reached skill level 1 in Invocations
  1176 | D:2      | HP: 1/28 [worm (6)]
  1186 | D:2      | Slain by a worm

Illustrated notes

Levels and vault maps discovered:
D:1:      spicycebolla_arrival_xxxplode, layout_basic
D:2:      layout_loops_ring, ebering_ecumenical_altar_rust, serial_bayou,
          serial_bayou_pond_c, serial_bayou_lake_a, serial_bayou_pond_e,
          serial_bayou_shore_a

Skill      XL: |  1  2  3 |
---------------+----------+-----
Invocations    | 1 |  1.0
Fighting       | |  2.6
Short Blades   | |  0.9
Long Blades    | |  0.9
Axes           | |  0.9
Maces & Flails | |  0.9
Polearms       | |  0.9
Staves         | |  0.9
Ranged Weapons | |  0.9
Throwing       | |  2.6
Armour         | |  4.5
Dodging        | |  2.6
Stealth        | |  4.2
Shields        | |  0.9
Unarmed Combat | |  0.9
Spellcasting   | |  2.8
Conjurations   | |  3.8
Hexes          | |  0.6
Summonings     | |  0.6
Necromancy     | |  0.6
Translocations | |  0.6
Transmutations | |  0.6
Fire Magic     | |  0.6
Ice Magic      | |  0.6
Air Magic      | |  0.6
Earth Magic    | |  0.6
Poison Magic   | |  0.6
Evocations     | |  0.9

Action                     || total
---------------------------++-------
  Melee: Dagger            ||   118
         Bite              ||    16
         Punch             ||     1
    Use: Potion            ||     6
   Stab: Sleeping          ||     1
 Armour: Ring mail         ||    57
  Dodge: Dodged            ||    77

Table legend: (Time is in decaauts)
 A = Elapsed time spent in this place.
 B = Non-inter-level travel time spent in this place.
 C = Inter-level travel time spent in this place.
 D = Time resting spent in this place.
 E = Time spent auto-exploring this place.
 F = Levels seen in this place.
 G = Mean time per level.
                   A        B        C        D        E       F      G
               +--------+--------+--------+--------+--------+-----+--------+
         Total |   1193 |   1149 |     44 |      0 |    887 |   2 |  596.5 |
       Dungeon |   1193 |   1149 |     44 |      0 |    887 |   2 |  596.5 |
               +--------+--------+--------+--------+--------+-----+--------+

Top non-repeatable levels by time:
     D:1: 853 daAuts
     D:2: 340 daAuts
